 Dungeon Crawl Stone Soup version 0.21.1-1-g345015f (webtiles) character file.

957 xccam the Ruffian (level 7, -1/106 HPs)
             Began as a Troll Berserker on Mar 27, 2018.
             Was a Believer of Trog.
             Slain by a bullfrog (7 damage)
             ... while paralysed by Grinder
             ... on level 5 of the Dungeon.
             The game lasted 00:05:29 (2819 turns).

xccam the Ruffian (Troll Berserker)                 Turns: 2819, Time: 00:05:29

Health: -1/106     AC: -4    Str: 32    XL:     7   Next: 91%
Magic:  6/6        EV:  1    Int:  4    God:    Trog [**....]
Gold:   232        SH:  0    Dex:  9    Spells: 6/6 levels left

rFire    . . .     SeeInvis .     - Unarmed
rCold    + . .     Gourm    +   (no shield)
rNeg     . . .     Faith    .   s - +0 troll leather armour {Purgy}
rPois    .         Spirit   .   (helmet restricted)
rElec    .         Reflect  .   q - +0 cloak
rCorr    .         Harm     .   (gloves unavailable)
MR       .....                  (boots unavailable)
Stlth    ..........             (no amulet)
HPRegen  1.07/turn              g - ring of protection from cold
MPRegen  0.10/turn              (no ring)

@: paralysed, berserking, corroded
A: large, unfitting armour, claws 3, fast metabolism 3, gourmand, regeneration
1, shaggy fur 1, tough skin 2
a: Berserk, Trog's Hand, Burn Spellbooks, Renounce Religion


You were on level 5 of the Dungeon.
You worshipped Trog.
Trog was pleased with you.
You were not hungry.

You visited 2 branches of the dungeon, and saw 6 of its levels.

You collected 232 gold pieces.

Inventory:

Armour
 q - a +0 cloak (worn)
 s - a +0 troll leather armour (worn) {Purgy}
Jewellery
 g - a ring of protection from cold (left claw)
Scrolls
 c - a scroll of random uselessness {unknown}
 d - 2 scrolls of blinking {unknown}
 e - a scroll of immolation {unknown}
 f - 4 scrolls of remove curse {unknown}
 i - a scroll of fog {unknown}
 n - a scroll of enchant weapon {unknown}
 o - 4 scrolls of enchant armour {unknown}
 p - 3 scrolls of identify {unknown}
 r - a scroll of noise {unknown}
Potions
 h - a potion of lignification {unknown}
 j - a potion of ambrosia {unknown}
 k - 2 potions of heal wounds {unknown}
 l - 2 potions of brilliance {unknown}
 m - 5 potions of curing {unknown}
Comestibles
 b - 12 rations


   Skills:
 + Level 4.4 Fighting
 + Level 4.4 Dodging
 * Level 7.1 Unarmed Combat


You had 6 spell levels left.
You didn't know any spells.

Dungeon Overview and Level Annotations

Branches:
Dungeon (5/15)             Temple (1/1) D:4

Altars:
Cheibriados
Dithmenos
Fedhas
Gozag
Kikubaaqudgha
Nemelex Xobeh
Okawaru
Sif Muna
Wu Jian
The Shining One
Lugonu

Annotations:
D:5 Grinder


Innate Abilities, Weirdness & Mutations

You are too large for most types of armour.
You have claws for hands.
Your metabolism is lightning-fast.
You like to eat raw meat.
Your natural rate of healing is unusually fast.
You are covered in fur. (AC +1)
You have very tough skin. (AC +2)


Message History

You are too injured to fight recklessly!
You are too injured to fight recklessly!
A red film seems to cover your vision as you go berserk!
You feel yourself moving faster!
You feel mighty!
You feel a lot more hungry. The bullfrog hits you. Grinder gestures at you.
You suddenly lose the ability to move!
The jelly hits you. The acid corrodes you!
You are splashed with acid!
The acid burns!
The bullfrog hits you!
* * * LOW HITPOINT WARNING * * *
Grinder hits you.
* * * LOW HITPOINT WARNING * * *
The bullfrog hits you!
* * * LOW HITPOINT WARNING * * *
The jelly hits you.
* * * LOW HITPOINT WARNING * * *
You are splashed with acid!
The acid burns!
* * * LOW HITPOINT WARNING * * *
The bullfrog hits you!
You die...

#. # #.# #. ##.##
########## ##.. #...#
#........#
...?###...#####.######.#
.$...........##.# #.#
.........<...##.# #.#
.......5........# #.#
......J@.....#### #..
......F...##.###########
...####...##............
# #...##############
#####


You could see Grinder, a bullfrog and a jelly.

Vanquished Creatures
  The ghost of baljet the Poker, a novice MfSk (D:4)
  Edmund (D:4)
  Purgy (D:4)
  A phantom (D:4)
  A scorpion (D:4)
  A bullfrog skeleton (D:4)
  An orc wizard (D:3)
  An iguana (D:5)
  Natasha (thrice) (D:2)
  Robin (D:2)
  A gnoll (D:1)
  4 adders
  An ooze (D:2)
  3 worms
  3 dart slugs
  4 leopard geckos
  10 orcs
  2 giant cockroaches
  13 goblins
  10 hobgoblins
  3 ball pythons
  5 bats
  4 frilled lizards
  4 kobolds
  A leopard gecko skeleton (D:3)
  10 rats
  2 demonic plants (Temple)
92 creatures vanquished.

Notes
Turn   | Place    | Note
-------+----------+-------------------------------------------
     0 | D:1      | xccam the Troll Berserker began the quest for the Orb.
     0 | D:1      | Reached XP level 1. HP: 22/22 MP: 0/0
    78 | D:1      | Reached XP level 2. HP: 18/29 MP: 1/1
   217 | D:1      | Reached XP level 3. HP: 36/36 MP: 2/2
   636 | D:2      | Reached ** piety under Trog
   660 | D:2      | Noticed Natasha
   665 | D:2      | Reached skill level 4 in Unarmed Combat
   671 | D:2      | Killed Natasha
   671 | D:2      | Reached XP level 4. HP: 5/45 MP: 3/3
   817 | D:2      | Noticed Robin
   827 | D:2      | Killed Robin
   897 | D:2      | Noticed Natasha
   906 | D:2      | Killed Natasha
   906 | D:2      | Reached XP level 5. HP: 41/53 MP: 4/4
  1198 | D:2      | Noticed Natasha
  1205 | D:2      | Killed Natasha
  1325 | D:3      | Reached skill level 5 in Unarmed Combat
  1447 | D:3      | Reached *** piety under Trog
  1775 | D:4      | Reached XP level 6. HP: 61/61 MP: 5/5
  1804 | D:4      | Noticed Edmund
  1818 | D:4      | Killed Edmund
  2306 | D:4      | Reached skill level 6 in Unarmed Combat
  2306 | D:4      | Reached XP level 7. HP: 57/68 MP: 6/6
  2391 | D:4      | Noticed Purgy
  2401 | D:4      | Killed Purgy
  2488 | D:4      | Found a staircase to the Ecumenical Temple.
  2497 | D:4      | Found an ancient bone altar of Kikubaaqudgha.
  2499 | D:4      | Found a blossoming altar of Fedhas.
  2538 | D:4      | Noticed baljet's ghost (novice MfSk)
  2551 | D:4      | Killed baljet's ghost
  2551 | D:4      | Reached skill level 7 in Unarmed Combat
  2612 | Temple   | Entered the Ecumenical Temple
  2680 | D:5      | Entered Level 5 of the Dungeon
  2716 | D:5      | Found an iron altar of Okawaru.
  2810 | D:5      | Noticed Grinder
  2817 | D:5      | Paralysed by Grinder for 6 turns
  2818 | D:5      | HP: 5/106 [acid (9)]
  2819 | D:5      | Slain by a bullfrog

Skill      XL: |  1  2  3  4  5  6  7 |
---------------+----------------------+-----
Unarmed Combat | 4 5 6 7 |  7.1
Fighting       | 3 4 |  4.4
Dodging        | 3 4 |  4.4

Action                   |  1- 3 |  4- 6 |  7- 9 || total
-------------------------+-------+-------+-------++-------
Melee: Unarmed           |    87 |   146 |    49 ||   282
       Punch             |     2 |     1 |     7 ||    10
Invok: Berserk           |     1 |     1 |     2 ||     4
       Trog's Hand       |       |     3 |     1 ||     4
 Stab: Sleeping          |     1 |     1 |       ||     2
  Eat: Chunk             |    11 |    14 |     4 ||    29
Armor: Animal skin       |    25 |    32 |     6 ||    63
Dodge: Dodged            |    52 |    54 |    16 ||   122
